 Dungeon Crawl Stone Soup version 0.24.0 (webtiles) character file.

Game seed: 2480293037296965266, levelgen mode: deterministic

2123 Buxparty the Slasher (level 9, -5/56 HPs)
             Began as a Gargoyle Fighter on Mar 21, 2020.
             Was a Follower of Makhleb.
             Slain by Joseph
             ... wielding a +5 quarterstaff of speed
              (17 damage)
             ... on level 7 of the Dungeon.
             The game lasted 00:16:59 (6140 turns).

Buxparty the Slasher (Gargoyle Fighter)             Turns: 6140, Time: 00:17:00

Health: -5/56      AC: 13    Str: 27    XL:     9   Next: 29%
Magic:  9/9        EV:  9    Int: 15    God:    Makhleb [*.....]
Gold:   334        SH: 11    Dex: 13    Spells: 8/8 levels left

rFire    . . .     SeeInvis .   a - +0 long sword
rCold    . . .     Gourm    .   c - +0 shield
rNeg     + . .     Faith    .   C - +1 robe "Zat Gorch" {rPois Str+4 Dex+4} (curse)
rPois    ∞         Spirit   .   s - +2 helmet
rElec    +         Reflect  .   (no cloak)
rCorr    .         Harm     .   (no gloves)
MR       .....                  (no boots)
Stlth    +.........             l - amulet of regeneration
HPRegen  0.58/turn              g - ring of flight
MPRegen  0.11/turn              y - +6 ring of intelligence

@: no status effects
A: negative energy resistance 1, electricity resistance, unbreathing,
petrification resistance, rot immunity, AC +6
a: Renounce Religion, Evoke Flight


You were on level 7 of the Dungeon.
You worshipped Makhleb.
Makhleb was aware of your devotion.
You were not hungry.

You visited 2 branches of the dungeon, and saw 8 of its levels.

You collected 334 gold pieces.

Inventory:

Hand Weapons
 a - a +0 long sword (weapon)
Armour
 b - a +0 scale mail
 c - a +0 shield (worn)
 s - a +2 helmet (worn)
 C - the cursed +1 robe "Zat Gorch" (worn) {rPois Str+4 Dex+4}
   (You found it on level 6 of the Dungeon)

   It affects your strength (+4).
   It affects your dexterity (+4).
   It protects you from poison.
   It has a curse placed upon it.
Jewellery
 g - a ring of flight (left hand)
 h - an uncursed amulet of the acrobat
 l - an amulet of regeneration (around neck)
 q - an uncursed amulet of rage
 y - a +6 ring of intelligence (right hand)
Wands
 m - a wand of disintegration (15)
 A - a wand of clouds (6)
Scrolls
 e - 2 scrolls of teleportation {unknown}
 j - 3 scrolls of magic mapping {unknown}
 n - a scroll of blinking {unknown}
 p - 2 scrolls of enchant weapon {unknown}
 r - 5 scrolls of identify {unknown}
 w - 3 scrolls of remove curse {unknown}
 x - a scroll of amnesia {unknown}
 B - a scroll of immolation {unknown}
 D - a scroll of enchant armour {unknown}
 G - a scroll of noise {unknown}
Potions
 d - 2 potions of might
 i - a potion of cancellation {unknown}
 k - 4 potions of curing {unknown}
 o - a potion of heal wounds {unknown}
 t - a potion of brilliance {unknown}
 u - a potion of mutation {unknown}
 v - a potion of flight {unknown}
 z - 2 potions of degeneration {unknown}
 E - a potion of agility {unknown}
Comestibles
 f - 7 rations


   Skills:
 + Level 6.7 Fighting
 * Level 7.1 Long Blades
 + Level 6.7 Armour
 + Level 6.7 Shields


You had 8 spell levels left.
You didn't know any spells.
Your spell library was empty.

Dungeon Overview and Level Annotations

Branches:
Dungeon (7/15)             Temple (1/1) D:5

Altars:
Ashenzari
Fedhas
Hepliaklqana
Kikubaaqudgha
Makhleb
Nemelex Xobeh
Okawaru
Qazlal
Ru
Sif Muna
Trog
Uskayaw
Vehumet
Wu Jian
Yredelemnul
The Shining One
Beogh

Shops:
D:7 ?[

Annotations:
D:5 3 runed translucent doors, Delmiac's ghost, novice MiMo
D:7 Joseph


Innate Abilities, Weirdness & Mutations

You are resistant to torment.
Your stone body is resilient. (AC +6)
You are immune to poison.
You resist negative energy. (rN+)
You are resistant to electric shocks. (rElec)
You can survive without breathing.
You are immune to petrification.
You are immune to rotting.


Message History

Joseph is severely wounded.
Joseph hits you with a +5 quarterstaff of speed!
* * * LOW HITPOINT WARNING * * *
You block Joseph's attack.
You barely miss Joseph.
Joseph is severely wounded.
Joseph hits you with a +5 quarterstaff of speed.
* * * LOW HITPOINT WARNING * * *
You slash Joseph!
Joseph is severely wounded.
Joseph hits you but does no damage.
You slash Joseph!
Joseph is almost dead.
Joseph hits you with a +5 quarterstaff of speed.
* * * LOW HITPOINT WARNING * * *
You hit Joseph.
Joseph is almost dead.
Joseph sighs, "Being a guard is usually so boring..."
Joseph hits you with a +5 quarterstaff of speed!
You die...

##### #....#
######.##.#
#@......#.#
####@.#.#########
#..@........#...####
#.##....##..........
#.#.##..........)..#
#.........##.......#
###.##.#####..#...##
# #.#####..#####
#......#'###
######.+∩'.# ###+#.#


You could see Joseph.

Vanquished Creatures
  A hippogriff (D:7)
  Menkaure (D:4)
  Edmund (D:4)
  Duvessa (D:4)
  An ogre (D:4)
  A sky beast (D:5)
  A black bear (D:6)
  2 centaurs
  A bullfrog (D:6)
  A scorpion (D:4)
  Dowan (D:4)
  2 water moccasin skeletons
  2 crimson imps (D:6)
  5 orc priests
  4 hounds
  A bullfrog zombie (D:3)
  A centaur skeleton (D:5)
  An iguana (D:5)
  Natasha (thrice) (D:4)
  5 orc wizards
  2 worker ants
  A hound zombie (D:6)
  7 gnolls
  7 adders
  2 shadow imps
  An ooze (D:4)
  2 adder skeletons (D:4)
  8 worms
  2 dart slugs
  4 leopard geckos
  25 orcs
  3 giant cockroaches
  8 goblins
  8 hobgoblins
  14 jackals
  3 quokkas
  A ball python (D:6)
  7 bats
  7 frilled lizards
  A jackal zombie (D:5)
  9 kobolds
  A leopard gecko skeleton (D:5)
  A quokka skeleton (D:6)
  A quokka zombie (D:6)
  7 rats
168 creatures vanquished.

Notes
Turn   | Place    | Note
-------+----------+-------------------------------------------
     0 | D:1      | Buxparty the Gargoyle Fighter began the quest for the Orb.
     0 | D:1      | Reached XP level 1. HP: 14/14 MP: 1/1
    92 | D:1      | Reached skill level 2 in Long Blades
   319 | D:1      | Reached XP level 2. HP: 18/19 MP: 2/2
   849 | D:2      | Reached XP level 3. HP: 23/23 MP: 3/3
  1097 | D:2      | Found a shattered altar of Ashenzari.
  1167 | D:2      | Reached XP level 4. HP: 28/29 MP: 4/4
  1659 | D:3      | Reached skill level 3 in Long Blades
  1772 | D:3      | Reached XP level 5. HP: 33/33 MP: 5/5
  2134 | D:3      | Reached XP level 6. HP: 23/39 MP: 6/6
  2294 | D:3      | Reached skill level 4 in Long Blades
  2770 | D:4      | Noticed Edmund
  2772 | D:4      | Noticed Menkaure
  2782 | D:4      | Killed Edmund
  2791 | D:4      | Killed Menkaure
  2791 | D:4      | Reached XP level 7. HP: 26/44 MP: 7/7
  2930 | D:4      | Reached skill level 5 in Fighting
  2930 | D:4      | Reached skill level 5 in Shields
  2939 | D:4      | Reached skill level 5 in Armour
  2976 | D:4      | Noticed Natasha
  2976 | D:4      | Noticed Duvessa
  2992 | D:4      | Killed Natasha
  3132 | D:4      | Noticed Dowan
  3164 | D:4      | Killed Dowan
  3164 | D:4      | Reached skill level 5 in Long Blades
  3249 | D:4      | Killed Duvessa
  3382 | D:4      | Noticed Natasha
  3388 | D:4      | Killed Natasha
  3602 | D:4      | Reached XP level 8. HP: 49/49 MP: 8/8
  3653 | D:4      | Noticed Natasha
  3679 | D:4      | Killed Natasha
  3803 | D:5      | Entered Level 5 of the Dungeon
  3813 | D:5      | Found a runed translucent gate.
  3813 | D:5      | Noticed Delmiac's ghost (novice MiMo)
  3814 | D:5      | Found a runed translucent gate.
  3814 | D:5      | Found a runed translucent gate.
  3817 | D:5      | Found a roughly hewn altar of Beogh.
  4112 | D:5      | Found a staircase to the Ecumenical Temple.
  4122 | Temple   | Entered the Ecumenical Temple
  4310 | Temple   | Became a worshipper of Makhleb the Destroyer
  4416 | D:5      | You fall into a shaft and drop 1 floor!
  4428 | D:6      | Reached skill level 6 in Long Blades
  5167 | D:6      | Reached * piety under Makhleb
  5181 | D:6      | Reached XP level 9. HP: 50/56 MP: 9/9
  5188 | D:6      | Got a dull robe
  5199 | D:6      | Identified the cursed +1 robe "Zat Gorch" {rPois Str+4
                  | Dex+4} (You found it on level 6 of the Dungeon)
  5804 | D:6      | Found a stormy altar of Qazlal.
  5804 | D:6      | Found a sparkling altar of Nemelex Xobeh.
  5844 | D:7      | Found Oziniel's Armour Shoppe.
  5872 | D:7      | Reached skill level 7 in Long Blades
  6098 | D:7      | Found Qyamn's Magic Scroll Emporium.
  6120 | D:7      | Noticed Joseph
  6140 | D:7      | Slain by Joseph

Levels and vault maps discovered:
D:1:      saegor_arrival_simple_d, layout_loops_ring
D:2:      layout_basic, first_ration, nicolae_ashenzari_panopticon
D:3:      layout_loops_ring
D:4:      minmay_octagon_keep, layout_loops_ring, minmay_starry_boxes,
          uniq_edmund, uniq_menkaure, uniq_duvessa, uniq_natasha
D:5:      layout_layer_cave, biasface_ghost_orc_armoury
D:6:      layout_cave_pods, gammafunk_temple_overflow_wave
D:7:      layout_loops_corners, nicolae_dithmenos_shadow_blocks, minitemple,
          serial_shops, nicolae_shop_behind_doors, shop, shop,
          nicolae_tso_carved_into_rock, uniq_joseph
Temple:   nicolae_temple_figure_eight
